 Dungeon Sprint DCSS version 0.30-a0-840-ga523dec638 (webtiles) character file.

Game seed: 6735082524761107196

1232 retardedninja the Protected (level 8, -1/124 HPs)
             Began as a Minotaur Fighter on Mar 1, 2023.
             Was an Initiate of Gozag.
             Slain by a demonic crawler (8 damage)
             ... in the Dungeon (Sprint I: "Red Sonja").
             The game lasted 00:01:21 (971 turns).

retardedninja the Protected (Minotaur Fighter)       Turns: 971, Time: 00:01:22

Health: -1/124     AC:  9    Str: 24    XL:     8   Next: 24%
Magic:  7/7        EV: 10    Int:  5    God:    Gozag
Gold:   635        SH:  6    Dex:  9    Spells: 7/7 levels left

rFire   . . .      SeeInvis .    a - +0 war axe
rCold   . . .      Faith    .    c - +0 buckler
rNeg    . . .      Spirit   .    b - +0 scale mail
rPois   .          Reflect  .    (helmet restricted)
rElec   .          Harm     .    (no cloak)
rCorr   .          Rampage  .    (no gloves)
Will    .....      NoTele   +    (no boots) Stlth
                                 (no amulet)
HPRegen 0.40/turn                (no ring)
MPRegen 0.10/turn                (no ring)

@: mighty, berserking, very quick
A: horns 2, retaliatory headbutt
a: Renounce Religion, Potion Petition, Call Merchant, Bribe Branch


You were in the Dungeon.
You worshipped Gozag.
Gozag was pleased with you.
You visited 1 branch You collected 635 gold pieces.

Inventory:

Hand Weapons
 a - a +0 war axe (weapon)
Armour
 b - a +0 scale mail (worn)
 c - a +0 buckler (worn)
Wands
 k - a wand of iceblast (6)
Scrolls
 j - a scroll of blinking
Potions
 e - a potion of curing
 f - a potion of heal wounds
 g - a potion of lignification {unknown}
 h - 2 potions of magic


   Skills:
 + Level 11.9 Fighting
 + Level 10.2 Axes
 + Level 12.1 Armour
 + Level 1.5 Dodging
 + Level 11.3 Shields


You had 7 spell levels left.
You didn't know any spells.
Your spell library was empty.

Dungeon Overview and Level Annotations

Branches:
Dungeon (1/1)

Altars:
Cheibriados
Dithmenos
Elyvilon
Fedhas
Gozag
Hepliaklqana
Kikubaaqudgha
Makhleb
Nemelex Xobeh
Okawaru
Qazlal
Ru
Sif Muna
Trog
Uskayaw
Vehumet
Wu Jian
Xom
Yredelemnul
Zin
The Shining One
Jiyva
Lugonu

Shops:
D =


Innate Abilities, Weirdness & Mutations

You have a pair of horns on your head.
You reflexively headbutt those who attack you in melee.


Message History

The demonic crawler hits you but does no damage. x3
The demonic crawler hits you!
The demonic crawler hits you but does no damage.
You slash the demonic crawler!
You headbutt the demonic crawler, but do no damage.
The demonic crawler is moderately wounded.
You hit the demonic crawler but do no damage.
You block the demonic crawler's attack.
The demonic crawler hits you but does no damage.
The demonic crawler barely misses you.
You slash the demonic crawler!
The demonic crawler is moderately wounded.
You slash the demonic crawler! The demonic crawler closely misses you.
The demonic crawler hits you! The demonic crawler misses you.
The demonic crawler barely misses you. The demonic crawler hits you! x2
* * * LOW HITPOINT WARNING * * *
You hit the demonic crawler. You headbutt the demonic crawler!!
The demonic crawler is severely wounded.
You hit the demonic crawler but do no damage.
The demonic crawler hits you.
* * * LOW HITPOINT WARNING * * *
The demonic crawler hits you but does no damage.
The demonic crawler barely misses you. You block the demonic crawler's attack.
The demonic crawler barely misses you. The demonic crawler hits you!
* * * LOW HITPOINT WARNING * * *
You slash the demonic crawler! You headbutt the demonic crawler!
The demonic crawler is almost dead.
You hit the demonic crawler but do no damage.
You block the demonic crawler's attack.
The demonic crawler hits you but does no damage.
The demonic crawler hits you.
* * * LOW HITPOINT WARNING * * *
You block the demonic crawler's attack. x2
The demonic crawler hits you but does no damage.
You hit the demonic crawler but do no damage.
Your headbutt misses the demonic crawler.
The demonic crawler is almost dead.
You slice the demonic crawler!! The demonic crawler hits you!
You die...
Your body crumbles into a pile of gold.

##################
.#..'..#__#..')..# $$
.').#..'..'..#).s##+#$
'#####'#__####..@ss.#$
.#...#.#### $#####s.+$
$ ##..##.# $$ ## $ $
_##'#_.+ $ ..รท..._#
$$ $$$ _##_.#'#
_###+#.# $ ## ### $ $
$ $$ $$ $$


You could see 4 demonic crawlers.

Vanquished Creatures
  2 kobold demonologists (D)
  A slime creature (D)
  Sigmund (D)
  A yak (D)
  A floating eye (D)
  An ogre (D)
  A jelly (D)
  Ijyb (D)
9 creatures vanquished.

Notes
Turn   | Place    | Note
-------+----------+-------------------------------------------
     0 | D        | retardedninja the Minotaur Fighter began the quest for the
                  | Orb.
     0 | D        | Reached XP level 1. HP: 19/19 MP: 0/0
     2 | D        | Noticed Ijyb
     9 | D        | Killed Ijyb
    10 | D        | Reached skill level 5 in Fighting
    10 | D        | Reached skill level 5 in Armour
    10 | D        | Reached skill level 5 in Shields
    10 | D        | Reached XP level 2. HP: 21/29 MP: 1/1
   147 | D        | Noticed an ogre
   153 | D        | Killed an ogre
   154 | D        | Reached skill level 7 in Armour
   154 | D        | Reached XP level 3. HP: 18/39 MP: 2/2
   154 | D        | Reached XP level 4. HP: 22/47 MP: 3/3
   277 | D        | Noticed Sigmund
   283 | D        | Killed Sigmund
   284 | D        | Reached skill level 5 in Axes
   284 | D        | Reached skill level 9 in Armour
   284 | D        | Reached XP level 5. HP: 48/56 MP: 4/4
   310 | D        | Found an ornate altar of the Wu Jian Council.
   310 | D        | Found a shimmering blue altar of Sif Muna.
   312 | D        | Found a radiant altar of Vehumet.
   316 | D        | Reached XP level 6. HP: 63/63 MP: 5/5
   356 | D        | Found Gachaim's Jewellery Emporium.
   356 | D        | Found an ancient bone altar of Kikubaaqudgha.
   356 | D        | Found a hazy altar of Hepliaklqana.
   356 | D        | Found a stormy altar of Qazlal.
   356 | D        | Found a hide-covered altar of Uskayaw.
   356 | D        | Found a blossoming altar of Fedhas.
   356 | D        | Found a bloodstained altar of Trog.
   356 | D        | Found an iron altar of Okawaru.
   356 | D        | Found a basalt altar of Yredelemnul.
   356 | D        | Found a glowing golden altar of the Shining One.
   356 | D        | Found a snail-covered altar of Cheibriados.
   356 | D        | Found a sacrificial altar of Ru.
   356 | D        | Found a glowing silver altar of Zin.
   356 | D        | Found a shadowy altar of Dithmenos.
   356 | D        | Found a white marble altar of Elyvilon.
   356 | D        | Noticed a yak
   367 | D        | Killed a yak
   368 | D        | Reached skill level 10 in Fighting
   368 | D        | Reached skill level 10 in Armour
   368 | D        | Found an opulent altar of Gozag.
   490 | D        | Found a sparkling altar of Nemelex Xobeh.
   597 | D        | Became a worshipper of Gozag Ym Sagoz the Greedy
   612 | D        | Found a burning altar of Makhleb.
   612 | D        | Found a viscous altar of Jiyva.
   612 | D        | Found a shimmering altar of Xom.
   612 | D        | Found a corrupted altar of Lugonu.
   612 | D        | Noticed a slime creature
   619 | D        | Killed a slime creature
   620 | D        | Reached skill level 10 in Shields
   620 | D        | Reached XP level 7. HP: 44/73 MP: 6/6
   921 | D        | Noticed a kobold demonologist
   922 | D        | Noticed a kobold demonologist
   924 | D        | Paralysed by a floating eye for 2 turns
   927 | D        | Reached skill level 11 in Armour
   927 | D        | Reached skill level 1 in Dodging
   927 | D        | Noticed a smoke demon
   927 | D        | Killed a kobold demonologist
   930 | D        | Killed a kobold demonologist
   931 | D        | Reached skill level 10 in Axes
   931 | D        | Reached skill level 12 in Armour
   931 | D        | Reached XP level 8. HP: 73/83 MP: 7/7
   963 | D        | Noticed a demonic crawler
   963 | D        | Noticed a demonic crawler
   963 | D        | Noticed a demonic crawler
   963 | D        | Noticed a demonic crawler
   971 | D        | Slain by a demonic crawler

Illustrated notes

Levels and vault maps discovered:
D:        dungeon_sprint_1 [red_sonja_temple_1, red_sonja_temple_small_1]

Skill      XL: |  1  2  3  4  5  6  7 |
---------------+----------------------+-----
Fighting       | 5 7 8 9 10 11 | 11.9
Axes           | 3 4 5 7 10 | 10.2
Armour         | 5 7 9 10 12 | 12.1
Shields        | 5 6 8 10 11 | 11.3
Dodging        | 1 |  1.5

Action                     |  1- 3 |  4- 6 |  7- 9 || total
---------------------------+-------+-------+-------++-------
  Melee: War axe           |    10 |    23 |    11 ||    44
         Headbutt          |     2 |     6 |     4 ||    12
  Evoke: Wand              |       |       |     1 ||     1
    Use: Potion            |     1 |       |     3 ||     4
 Armour: Scale mail        |     1 |     2 |    17 ||    20
  Dodge: Dodged            |     4 |     7 |    12 ||    23
  Block: Buckler           |     1 |     6 |    10 ||    17

Table legend: (Time is in decaauts)
 A = Elapsed time spent in this place.
 B = Non-inter-level travel time spent in this place.
 C = Inter-level travel time spent in this place.
 D = Time resting spent in this place.
 E = Time spent auto-exploring this place.
 F = Levels seen in this place.
 G = Mean time per level.
                   A        B        C        D        E       F      G
               +--------+--------+--------+--------+--------+-----+--------+
         Total |    960 |    960 |      0 |    769 |      0 |   1 |  960.0 |
       Dungeon |    960 |    960 |      0 |    769 |      0 |   1 |  960.0 |
               +--------+--------+--------+--------+--------+-----+--------+

Top non-repeatable levels by time:
       D: 960 daAuts
